 Dungeon Crawl Stone Soup version 0.24.0-28-g17ded55e90 (webtiles) character file.

Game seed: 21735075447037388, levelgen mode: deterministic

1247 Johnny the Slasher (level 8, -1/74 HPs)
             Began as a Troll Berserker on Nov 12, 2019.
             Was a Priest of Trog.
             Shot with an arrow by a centaur (3 damage)
             ... on level 6 of the Dungeon.
             The game lasted 00:04:25 (4172 turns).

Johnny the Slasher (Troll Berserker)                Turns: 4172, Time: 00:04:26

Health: -1/74      AC: -1    Str: 28    XL:     8   Next: 25%
Magic:  7/7        EV: 11    Int:  3    God:    Trog [***...]
Gold:   180        SH:  0    Dex:  9    Spells: 7/7 levels left

rFire    . . .     SeeInvis .   a - +0 falchion
rCold    . . .     Gourm    +   (no shield)
rNeg     . . .     Faith    .   b - +0 animal skin
rPois    .         Spirit   .   (helmet restricted)
rElec    .         Reflect  .   w - +0 cloak
rCorr    .         Harm     .   (gloves unavailable)
MR       ++...                  (boots unavailable)
Stlth    +.........             (no amulet)
HPRegen  1.62/turn              r - +3 ring of slaying
MPRegen  0.10/turn              (no ring)

@: corroded, berserk cooldown, regenerating
A: large, unfitting armour, claws 3, fast metabolism 3, gourmand, regeneration
1, shaggy fur 1, tough skin 3
a: Berserk, Trog's Hand, Renounce Religion


You were on level 6 of the Dungeon.
You worshipped Trog.
Trog was most pleased with you.
You were not hungry.

You visited 1 branch of the dungeon, and saw 6 of its levels.
You also visited: Sewer.

You collected 180 gold pieces.

Inventory:

Hand Weapons
 a - a +0 falchion (weapon)
Missiles
 d - 2 throwing nets (quivered)
Armour
 b - a +0 animal skin (worn)
 w - a +0 cloak (worn)
Jewellery
 r - a +3 ring of slaying (left claw)
Scrolls
 e - a scroll of fog {unknown}
 f - a scroll of identify
 g - 3 scrolls of teleportation {unknown}
 h - 4 scrolls of fear {unknown}
 j - 3 scrolls of remove curse
 k - a scroll of noise {unknown}
 l - 2 scrolls of magic mapping {unknown}
 o - a scroll of blinking {unknown}
Potions
 i - a potion of berserk rage {unknown}
 m - a potion of lignification {unknown}
 n - a potion of mutation
 p - 4 potions of curing
 q - a potion of heal wounds {unknown}
 s - 3 potions of flight
 t - 2 potions of haste {unknown}
 u - a potion of cancellation {unknown}
Comestibles
 c - 9 rations


   Skills:
 - Level 2.4 Fighting
 * Level 7.3 Long Blades
 + Level 5.3 Dodging


You had 7 spell levels left.
You didn't know any spells.
Your spell library contained the following spells:

 Spells                   Type           Power        Failure   Level  Hunger
 Confusing Touch          Hex            #.....       52%         1    ##.....
 Confuse                  Hex            #.......     88%         3    ####...
 Gell's Gravitas          Tloc           #.........   88%         3    ####...
 Petrify                  Tmut/Erth      #.......     99%         4    #####..
 Metabolic Englaciation   Hex/Ice        #.........   100%        5    ######.
 Yara's Violent Unravell  Hex/Tmut       #.........   100%        5    ######.


Dungeon Overview and Level Annotations

Branches:
Dungeon (6/15)             Temple (0/1) D:4           Sewer (visited)

Altars:
Dithmenos
Fedhas
Gozag
Hepliaklqana
Kikubaaqudgha
Makhleb
Nemelex Xobeh
Ru
Vehumet
Zin
The Shining One

Shops:
D:5 (


Innate Abilities, Weirdness & Mutations

You are too large for most types of armour.
You have claws for hands.
Your metabolism is lightning-fast.
You like to eat raw meat.
Your natural rate of healing is unusually fast.
You are covered in fur. (AC +1)
You have extremely tough skin. (AC +3)


Message History

The acid corrodes you!
You are splashed with acid!
* * * LOW HITPOINT WARNING * * *
Unknown command.
Unknown command.
You feel better. The sky beast barely misses you.
You riposte.
You barely miss the sky beast. The jelly hits you.
* * * LOW HITPOINT WARNING * * *
You are splashed with acid!
* * * LOW HITPOINT WARNING * * *
Unknown command.
Unknown command.
Okay, then.
The sky beast flickers out of sight!
Deactivating autopickup; reactivate with Ctrl-A.
Something hits you.
* * * LOW HITPOINT WARNING * * *
Something shocks you.
* * * LOW HITPOINT WARNING * * *
The centaur shoots an arrow.
The arrow hits you.
You die...

...... .....
....) .....
..... .....
...####...
........
##.#...# .
#..##J.#
#..###?(.@(.#
#........Y{c+
..##..<....#
#.#......#
.......#..#
.....#..#.....
..#..##.......#
# #..
.......... ..
..........


You could see an ice beast, a centaur and a jelly.

Vanquished Creatures
  The ghost of jatast the Skirmisher, a novice HuWn of Okawaru (D:5)
  A big kobold (Sewer)
  2 bullfrogs
  3 scorpions
  A crimson imp (D:5)
  A howler monkey (D:4)
  A hound (D:4)
  An orc priest (D:5)
  2 jellies (D:5)
  2 orc wizards
  Crazy Yiuf (D:4)
  An iguana (D:4)
  3 worker ants
  A hound zombie (D:3)
  A hound skeleton (D:4)
  7 adders
  2 river rats
  A shadow imp (D:4)
  2 oozes (D:4)
  3 worms
  5 leopard geckos
  18 orcs
  8 giant cockroaches
  8 goblins
  2 hobgoblins
  8 jackals
  3 quokkas
  6 bats
  6 frilled lizards
  12 kobolds
  5 rats
118 creatures vanquished.

Notes
Turn   | Place    | Note
-------+----------+-------------------------------------------
     0 | D:1      | Johnny the Troll Berserker began the quest for the Orb.
     0 | D:1      | Reached XP level 1. HP: 22/22 MP: 0/0
   290 | D:1      | Reached XP level 2. HP: 17/29 MP: 1/1
   394 | D:1      | Reached skill level 3 in Long Blades
  1058 | D:2      | Reached XP level 3. HP: 33/36 MP: 2/2
  1117 | D:2      | Reached ** piety under Trog
  1296 | D:2      | Found a burning altar of Makhleb.
  1301 | D:2      | Found a shadowy altar of Dithmenos.
  1306 | D:2      | Found an ancient bone altar of Kikubaaqudgha.
  1307 | D:2      | Found a sacrificial altar of Ru.
  1310 | D:2      | Found a hazy altar of Hepliaklqana.
  1451 | D:2      | Found a sparkling altar of Nemelex Xobeh.
  1571 | D:3      | Reached XP level 4. HP: 40/44 MP: 3/3
  1884 | D:3      | Found a glowing drain.
  1888 | Sewer    | Entered a sewer
  1940 | Sewer    | Noticed a big kobold
  1966 | Sewer    | Killed a big kobold
  1966 | Sewer    | Reached skill level 4 in Long Blades
  1966 | Sewer    | Reached XP level 5. HP: 44/50 MP: 4/4
  2009 | Sewer    | Found a white marble altar of Elyvilon.
  2369 | D:3      | Reached *** piety under Trog
  2374 | D:3      | Found a radiant altar of Vehumet.
  2702 | D:4      | Reached XP level 6. HP: 48/59 MP: 5/5
  2742 | D:4      | Reached skill level 5 in Long Blades
  2915 | D:4      | Found an opulent altar of Gozag.
  2916 | D:4      | Found a blossoming altar of Fedhas.
  2951 | D:4      | Reached XP level 7. HP: 60/66 MP: 6/6
  3142 | D:4      | Found a staircase to the Ecumenical Temple.
  3337 | D:4      | Found a runed translucent door.
  3338 | D:4      | Noticed Crazy Yiuf
  3345 | D:4      | Killed Crazy Yiuf
  3345 | D:4      | Reached skill level 6 in Long Blades
  3396 | D:5      | Entered Level 5 of the Dungeon
  3396 | D:5      | Found Geasod's Antique Weapon Boutique.
  3559 | D:5      | Found a glowing golden altar of the Shining One.
  3839 | D:5      | Found a glowing silver altar of Zin.
  4010 | D:5      | Found a large runed translucent door.
  4011 | D:5      | Found a large runed translucent door.
  4018 | D:5      | Noticed jatast's ghost (novice HuWn)
  4136 | D:5      | Killed jatast's ghost
  4136 | D:5      | Reached skill level 7 in Long Blades
  4136 | D:5      | Reached skill level 5 in Dodging
  4136 | D:5      | Reached XP level 8. HP: 74/74 MP: 7/7
  4172 | D:6      | HP: 2/74 [something (5)]
  4172 | D:6      | Shot with an arrow by a centaur

Levels and vault maps discovered:
D:1:      matt_arrival_spirals, layout_basic
D:2:      layout_loops_ring, overflow_temple_1_default, minitemple, first_ration
D:3:      minmay_chambers_of_twos, layout_loops_ring, lemuel_round_altar,
          gup_sewer_entry_spiral
D:4:      layout_basic, amethyst_overflow_temple_binary,
          minmay_temple_entry_slanted, sigmund_army, uniq_crazy_yiuf_cottage
D:5:      layout_loops_ring, old_standard_altar, serial_shops, shop,
          ebering_ghost_disaster_area, basic_altar
D:6:      layout_cave_pools, nicolae_overflow_hidden_temple,
          okawaru_altar_gauntlet_db

Skill      XL: |  1  2  3  4  5  6  7 |
---------------+----------------------+-----
Long Blades    | 3 4 5 7 |  7.3
Dodging        | 3 4 5 |  5.3
Fighting       | |  2.4

Action                   |  1- 3 |  4- 6 |  7- 9 || total
-------------------------+-------+-------+-------++-------
Melee: Falchion          |   102 |   160 |   109 ||   371
Invok: Berserk           |     1 |       |     2 ||     3
       Trog's Hand       |       |       |     1 ||     1
  Use: Scroll            |       |       |     6 ||     6
       Potion            |       |       |     2 ||     2
 Stab: Sleeping          |       |     2 |       ||     2
  Eat: Chunk             |    21 |    14 |     9 ||    44
Armor: Animal skin       |    53 |    61 |    45 ||   159
Dodge: Dodged            |    71 |    82 |    48 ||   201
       Rpst.: Falchion   |    24 |    25 |    15 ||    64
